 Dungeon Crawl Stone Soup version 0.27.1-16-g815e20cd7a (webtiles) character file.

Game seed: 12779511806409620201

1503 Descartes the Grasshopper (level 8, -6/66 HPs)
             Began as a Deep Dwarf Warper on Nov 23, 2021.
             Was an Initiate of Gozag.
             Mangled by an ogre (7 damage)
             ... on level 6 of the Dungeon.
             The game lasted 00:19:16 (7610 turns).

Descartes the Grasshopper (Deep Dwarf Warper)       Turns: 7610, Time: 00:19:17

Health: -6/66      AC: 13    Str: 16    XL:     8   Next: 52%
Magic:  9/9        EV:  8    Int: 17    God:    Gozag
Gold:   178        SH:  0    Dex: 12    Spells: 3/10 levels left

rFire    . . .     SeeInvis .   x - +0 broad axe
rCold    . . .     Faith    .   (no shield)
rNeg     . . .     Spirit   .   A - +0 chain mail
rPois    .         Reflect  .   t - +0 hat of Fanaticism {-Tele Fly Will+ Int+2}
rElec    .         Harm     .   b - +0 cloak
rCorr    .         Rampage  .   z - +0 pair of gloves
Will     ++...     NoTele   +   y - +0 pair of boots
Stlth    ..........             (no amulet)
HPRegen  0.00/turn              (no ring)
MPRegen  0.11/turn              (no ring)

@: flying
A: damage resistance, heal wounds, sense surroundings 1, no regeneration
a: Heal Wounds, Renounce Religion, Potion Petition, Call Merchant, Bribe Branch


You were on level 6 of the Dungeon.
You worshipped Gozag.
Gozag was aware of your devotion.
You visited 2 branches of the dungeon, and saw 7 of its levels.

You collected 257 gold pieces.
You paid 79 gold pieces to Gozag.

Inventory:

Hand Weapons
 a - a +0 hand axe
 n - a +0 hunting sling
 v - a +0 fustibalus
 x - a +0 broad axe (weapon)
Missiles
 d - 5 boomerangs of dispersal
 e - 5 javelins
 g - 130 stones
 i - 3 curare-tipped darts (quivered)
 p - 84 bolts
 q - 17 boomerangs
 B - 36 arrows
Armour
 b - a +0 cloak (worn)
 t - the +0 hat of Fanaticism (worn) {-Tele Fly Will+ Int+2}
   (You found it on level 4 of the Dungeon)

   Int:       It affects your intelligence (+2).
   Fly:       It grants you flight.
   -Tele:     It prevents most forms of teleportation.
   Will:      It increases your willpower.
 y - a +0 pair of boots (worn)
 z - a +0 pair of gloves (worn)
 A - a +0 chain mail (worn)
Wands
 s - a wand of charming (7)
 D - a wand of digging (11)
 F - a wand of flame (23)
Scrolls
 c - a scroll of blinking
 h - 3 scrolls of enchant weapon {unknown}
 j - 2 scrolls of teleportation {unknown}
 k - 2 scrolls of brand weapon {unknown}
 m - a scroll of summoning {unknown}
 u - 4 scrolls of identify {unknown}
 w - a scroll of magic mapping {unknown}
Potions
 f - 2 potions of flight {unknown}
 l - 5 potions of curing {unknown}
 o - a potion of ambrosia {unknown}
 r - 2 potions of heal wounds {unknown}
 C - a potion of brilliance {unknown}
 E - a potion of attraction {unknown}


   Skills:
 - Level 1.7 Fighting
 + Level 6.1 Axes
 - Level 0.8 Throwing
 + Level 5.8 Armour
 + Level 6.2 Dodging
 - Level 1.7 Spellcasting
 + Level 6.7 Translocations


You had 3 spell levels left.
You knew the following spells:

 Your Spells              Type           Power      Damage    Failure   Level
a - Blink                 Tloc           N/A        N/A       28%         2
b - Manifold Assault      Tloc           24%        N/A       99%         5

Your spell library contained the following spells:

 Spells                   Type           Power      Damage    Failure   Level
 Gell's Gravitas          Tloc           12%        N/A       50%         3
 Lesser Beckoning         Tloc           12%        N/A       50%         3
 Teleport Other           Tloc           24%        N/A       50%         3
 Portal Projectile        Hex/Tloc       24%        N/A       91%         3
 Slow                     Hex            1%         N/A       99%         2
 Call Canine Familiar     Summ           1%         N/A       100%        3
 Confusing Touch          Hex            1%         N/A       100%        3
 Leda's Liquefaction      Hex/Erth       0%         N/A       100%        4
 Yara's Violent Unravell  Hex/Tmut       0%         3d3       100%        5
 Dispersal                Tloc           12%        N/A       100%        6


Dungeon Overview and Level Annotations

Branches:
Dungeon (6/15)             Temple (1/1) D:6

Altars:
Ashenzari
Cheibriados
Dithmenos
Elyvilon
Gozag
Kikubaaqudgha
Nemelex Xobeh
Okawaru
Qazlal
Ru
Sif Muna
Trog
Uskayaw
Vehumet
Wu Jian
Xom
Yredelemnul
Zin
The Shining One

Shops:
D:1 :


Innate Abilities, Weirdness & Mutations

You are resistant to damage.
You can heal yourself by infusing magical energy.
You passively map a small area around you.
You do not regenerate.


Message History

You slash the ogre!
The ogre is heavily wounded.
The ogre hits you with a +0 giant spiked club!
You barely miss the ogre.
The ogre is heavily wounded.
The orc warrior barely misses you. The ogre barely misses you.
The orc warrior hits you from afar with a +0 glaive.
You closely miss the ogre.
The ogre is heavily wounded.
The ogre hits you with a +0 giant spiked club.
The orc warrior hits you from afar with a +0 glaive!
You feel much better. The ogre barely misses you.
The orc warrior hits you from afar with a +0 glaive!
You completely miss the ogre.
The ogre is heavily wounded.
The orc warrior hits you from afar with a +0 glaive.
The ogre barely misses you.
You hit the ogre.
The ogre is heavily wounded.
The orc warrior completely misses you.
The ogre hits you with a +0 giant spiked club!!
The orc warrior hits you from afar with a +0 glaive!
You hit the ogre.
The ogre is heavily wounded.
The ogre hits you with a +0 giant spiked club!
* * * LOW HITPOINT WARNING * * *
The orc warrior barely misses you.
You hit the ogre.
The ogre is severely wounded.
The orc warrior hits you from afar with a +0 glaive!
* * * LOW HITPOINT WARNING * * *
The ogre hits you with a +0 giant spiked club.
* * * LOW HITPOINT WARNING * * *
You barely miss the ogre.
The ogre is severely wounded.
The orc warrior hits you from afar with a +0 glaive.
* * * LOW HITPOINT WARNING * * *
The ogre hits you with a +0 giant spiked club!
You die...
Your body crumbles into a pile of gold.

*** * ** , * ,, *# *# **
# * ** ,...#.####### ,
,, ............ ,* *
#.#.....###
.#############.#####.###
>..oooO@................
########..#########.####
##....# #....#
#.'#######'.#
#.#...#...#.##
#.#...#...#..#
#####.......#..#
#...###._.###..###
#...#.......#.....


You could see an orc warrior, an ogre and 2 orcs.

Vanquished Creatures
  Eustachio (D:5)
  Duvessa (D:5)
  A sky beast (D:6)
  A necrophage (D:5)
  A phantom (D:5)
  2 bullfrogs
  A wyvern zombie (D:5)
  Dowan (D:5)
  A howler monkey (D:6)
  3 jellies
  3 hounds
  2 gnoll shamans
  An orc priest (D:4)
  3 iguanas
  Jessica (D:2)
  Ijyb (D:4)
  3 orc wizards
  A hound skeleton (D:5)
  10 gnolls
  4 adders
  An ufetubus (D:5)
  An adder zombie (D:4)
  2 adder skeletons (D:4)
  3 dart slugs
  21 orcs
  An endoplasm (D:2)
  5 giant cockroaches
  5 goblins
  2 hobgoblins
  7 jackals
  3 kobolds
  2 quokkas
  4 ball pythons
  5 bats
  3 frilled lizards
  3 rats
110 creatures vanquished.

Vanquished Creatures (others)
  6 plants (D:2)
  8 withered plants (D:2)
14 creatures vanquished.

Grand Total: 124 creatures vanquished

Notes
Turn   | Place    | Note
-------+----------+-------------------------------------------
     0 | D:1      | Descartes the Deep Dwarf Warper began the quest for the
                  | Orb.
     0 | D:1      | Reached XP level 1. HP: 19/19 MP: 3/3
   610 | D:1      | Found Woill's Book Boutique.
   665 | D:1      | Reached XP level 2. HP: 20/26 MP: 4/4
  1200 | D:2      | Found a faded altar of an unknown god.
  1227 | D:2      | Became a worshipper of Elyvilon the Healer
  1227 | D:2      | Reached * piety under Elyvilon
  1289 | D:2      | Reached XP level 3. HP: 32/32 MP: 4/4
  1317 | D:2      | Noticed Jessica
  1329 | D:2      | Killed Jessica
  1519 | D:2      | Reached XP level 4. HP: 36/39 MP: 5/5
  2259 | D:3      | Reached ** piety under Elyvilon
  2398 | D:3      | Found a stormy altar of Qazlal.
  2529 | D:3      | Found a broken altar of Ashenzari.
  2799 | D:4      | Identified the +0 hat of Fanaticism {-Tele Fly Will+ Int+2}
  2940 | D:4      | Reached XP level 5. HP: 15/45 MP: 6/6
  3127 | D:4      | Learned a level 2 spell: Blink
  3133 | D:4      | Learned a level 5 spell: Manifold Assault
  3151 | D:4      | Found an iron altar of Okawaru.
  3386 | D:4      | Reached XP level 6. HP: 47/52 MP: 7/7
  4438 | D:3      | Found a stormy altar of Qazlal.
  4545 | D:3      | Found a broken altar of Ashenzari.
  4667 | D:5      | Entered Level 5 of the Dungeon
  4873 | D:5      | Noticed Dowan
  4874 | D:5      | Noticed Ijyb
  4874 | D:5      | Noticed Duvessa
  4939 | D:5      | Killed Duvessa
  4940 | D:5      | Reached skill level 5 in Translocations
  5086 | D:4      | Killed Ijyb
  5202 | D:5      | Killed Dowan
  5203 | D:5      | Reached XP level 7. HP: 30/58 MP: 8/8
  5573 | D:5      | Reached skill level 5 in Axes
  5573 | D:5      | Reached skill level 5 in Dodging
  5818 | D:5      | Noticed Eustachio
  5899 | D:5      | Killed Eustachio
  5900 | D:5      | Reached skill level 5 in Armour
  5900 | D:5      | Reached XP level 8. HP: 12/66 MP: 6/9
  7193 | D:6      | Found a sacrificial altar of Ru.
  7300 | D:6      | Found an ancient bone altar of Kikubaaqudgha.
  7388 | D:6      | Found a staircase to the Ecumenical Temple.
  7480 | Temple   | Entered the Ecumenical Temple
  7530 | Temple   | Fell from the grace of Elyvilon
  7530 | Temple   | Became a worshipper of Gozag Ym Sagoz the Greedy
  7609 | D:6      | HP: 2/66 [ogre (2)]
  7610 | D:6      | Mangled by an ogre

Illustrated notes

Levels and vault maps discovered:
D:1:      erik_arrival_cave_to_civilisation [erik_arrival_cave_to_hall],
          layout_loops_corners, serial_shops, shop_statue
D:2:      layout_basic, shapermc_ecumenical_altar_flowoftime, uniq_jessica
D:3:      layout_basic, lemuel_tele_altar, mainiacjoe_overflow_alcove_2,
          hangedman_decor_points, minivault_24
D:4:      layout_rooms, okawaru_gym_becter, hangedman_decor_riveting,
          chequers_big_river, minmay_misc_feat_alley, st_stairs_3,
          minmay_unequal
D:5:      layout_basic, nicolae_zen_rock_garden, nrook_pool_corridor,
          roderic_lattice_a, uniq_ijyb, uniq_duvessa, uniq_eustachio
D:6:      layout_basic, general_overflow_altar,
          nicolae_ru_great_annihilating_truth, minmay_temple_entry_statues
Temple:   cyrus_circular_temple

Skill      XL: |  1  2  3  4  5  6  7  8 |
---------------+-------------------------+-----
Armour         | 2 3 4 5 |  5.8
Axes           | 3 4 5 6 |  6.1
Dodging        | 3 4 5 6 |  6.2
Translocations | 4 5 6 |  6.7
Fighting       | |  1.7
Throwing       | |  0.8
Spellcasting   | |  1.7

Action                   |  1- 3 |  4- 6 |  7- 9 || total
-------------------------+-------+-------+-------++-------
Melee: Hand axe          |   121 |   103 |       ||   224
       Broad axe         |       |   127 |   231 ||   358
Invok: Lesser Healing    |     4 |    65 |    77 ||   146
 Abil: Heal Wounds       |     2 |       |     1 ||     3
 Stab: Sleeping          |     1 |       |       ||     1
       Invisible         |       |       |     1 ||     1
       Paralysed         |       |       |     1 ||     1
Armor: Leather armour    |    28 |    46 |       ||    74
       Chain mail        |       |    75 |   226 ||   301
Dodge: Dodged            |    74 |   214 |   178 ||   466
